SA
NIAGARA FALLS EXPOS @ SYRACUSE STORM
07/14/2037
 
TOP OF THE 1ST
Niagara Falls Expos batting - Pitching for Syracuse Storm : RHP Ramón Flores
Pitching: RHP Ramón Flores
Batting: LHB John Castro 0-0: Foul Ball, location: 2F
0-1: Ball
1-1: Ground out 6-3 (Groundball, 6S, EV 85.0 MPH)
Batting: RHB Gary Bruce 0-0: Called Strike
0-1: Foul Ball, location: 2F
0-2: Ball
1-2: Ground out 5-3 (Groundball, 56S, EV 78.8 MPH)
Batting: LHB Mfiondu Kabengele 0-0: Called Strike
0-1: Ball
1-1: Ground out 1-3 (Groundball, 13S, EV 62.5 MPH)
Top of the 1st over - 0 runs, 0 hits, 0 errors, 0 left on base; Niagara Falls 0 - Syracuse 0
BOTTOM OF THE 1ST
Syracuse Storm batting - Pitching for Niagara Falls Expos : RHP Luis Cuevas
Pitching: RHP Luis Cuevas
Batting: RHB Dan Lewis 0-0: Ground out 6-3 (Groundball, 6M, EV 80.0 MPH)
Batting: RHB Egbert Mijnheer 0-0: Called Strike
0-1: Swinging Strike
0-2: Ball
1-2: Strikes out swinging
Batting: LHB Nikolai Volkoff 0-0: Called Strike
0-1: Foul Ball, location: 2F
0-2: Ball
1-2: Ball
2-2: SINGLE (Groundball, 5S, EV 65.0 MPH) (infield hit)
Batting: RHB Pat Kramer 0-0: Called Strike
0-1: Foul Ball, location: 2F
0-2: Ball
1-2: Fielders Choice at 2nd, 6-4 (Groundball, 6, EV 104.4 MPH)
Bottom of the 1st over - 0 runs, 1 hit, 0 errors, 1 left on base; Niagara Falls 0 - Syracuse 0
TOP OF THE 2ND
Niagara Falls Expos batting - Pitching for Syracuse Storm : RHP Ramón Flores
Batting: SHB Takeshi Kovacs 0-0: Called Strike
0-1: Ball
1-1: Ball
2-1: SINGLE (Flyball, 78M, EV 87.5 MPH)
Batting: RHB Dragoljub Kandic 0-0: Ball
1-0: Called Strike
1-1: Ball
2-1: Foul Ball, location: 2F
2-2: Ball
Pickoff Throw to First - Out! 1-3
3-2: Foul Ball, location: 2F
3-2: Strikes out swinging
Batting: RHB Sincere Wushon David 0-0: Foul Ball, location: 2F
0-1: Ball
1-1: Swinging Strike
1-2: Ball
2-2: Ball
3-2: Fly out, F4 (Popup, 34, EV 73.8 MPH)
Top of the 2nd over - 0 runs, 1 hit, 0 errors, 0 left on base; Niagara Falls 0 - Syracuse 0
BOTTOM OF THE 2ND
Syracuse Storm batting - Pitching for Niagara Falls Expos : RHP Luis Cuevas
Batting: RHB John Billings 0-0: Fly out, F9 (Flyball, 89S, EV 71.2 MPH)
Batting: RHB Stu Taylor 0-0: Ball
1-0: Foul Ball, location: 2F
1-1: Foul Ball, location: 2F
1-2: Ball
2-2: Ground out 6-3 (Groundball, 4MS, EV 73.1 MPH)
Batting: RHB Rubén Plumey 0-0: Hit by Pitch
Batting: RHB Ace Felder 0-0: Ball
1-0: Ground out 4-3 (Groundball, 4, EV 86.2 MPH)
Bottom of the 2nd over - 0 runs, 0 hits, 0 errors, 1 left on base; Niagara Falls 0 - Syracuse 0
TOP OF THE 3RD
Niagara Falls Expos batting - Pitching for Syracuse Storm : RHP Ramón Flores
Batting: RHB Barney Wilson 0-0: Ball
1-0: Ball
2-0: Foul Ball, location: 2F
2-1: Fly out, F8 (Flyball, 8RM, EV 90.6 MPH)
Batting: RHB Pablo Saavedra 0-0: Foul Ball, location: 2F
0-1: Fly out, F7 (Flyball, 78XD, EV 96.2 MPH)
Batting: RHB Sixto Villacrés 0-0: Fly out, F7 (Flyball, 7D, EV 83.8 MPH)
Top of the 3rd over - 0 runs, 0 hits, 0 errors, 0 left on base; Niagara Falls 0 - Syracuse 0
BOTTOM OF THE 3RD
Syracuse Storm batting - Pitching for Niagara Falls Expos : RHP Luis Cuevas
Batting: RHB Bob Hill 0-0: Ball
1-0: Ball
2-0: DOUBLE (Flyball, 8LXD, EV 103.1 MPH)
Batting: RHB Dan Lewis 0-0: Fly out, F7 (Line Drive, 7, EV 85.0 MPH)
Batting: RHB Egbert Mijnheer 0-0: Ball
1-0: SINGLE (Groundball, 6MD, EV 106.2 MPH)
Bob Hill to third
Throwing error, E8
Bob Hill scores
Egbert Mijnheer to second
Batting: LHB Nikolai Volkoff 0-0: Swinging Strike
0-1: Ball
1-1: Called Strike
Egbert Mijnheer steals 3rd base
1-2: Foul Ball, location: 2F
1-2: SINGLE (Line Drive, 7S, EV 88.8 MPH)
Egbert Mijnheer scores
Batting: RHB Pat Kramer 0-0: Foul Ball, location: 2F
0-1: Ball
1-1: Ball
2-1: Foul Ball, location: 2F
2-2: Ball
3-2: Foul Ball, location: 2F
3-2: SINGLE (Groundball, 15S, EV 76.2 MPH) (infield hit)
Nikolai Volkoff to second
Batting: RHB John Billings 0-0: Ball
1-0: Ball
Wild Pitch!
Nikolai Volkoff to third
Pat Kramer to second
2-0: Called Strike
2-1: Called Strike
2-2: Ball
3-2: Foul Ball, location: 2F
3-2: Strikes out swinging
Batting: RHB Stu Taylor 0-0: Fly out, F7 (Flyball, 78M, EV 78.1 MPH)
Bottom of the 3rd over - 2 runs, 4 hits, 1 error, 2 left on base; Niagara Falls 0 - Syracuse 2
TOP OF THE 4TH
Niagara Falls Expos batting - Pitching for Syracuse Storm : RHP Ramón Flores
Batting: LHB John Castro 0-0: Ball
1-0: Ball
2-0: Swinging Strike
2-1: Called Strike
2-2: Strikes out swinging, 2-3 out at first.
Batting: RHB Gary Bruce 0-0: Called Strike
0-1: Ball
1-1: Called Strike
1-2: Ball
2-2: Strikes out swinging
Batting: LHB Mfiondu Kabengele 0-0: DOUBLE (Groundball, 5L, EV 106.9 MPH)
Batting: SHB Takeshi Kovacs 0-0: SINGLE (Line Drive, 4MD, EV 96.9 MPH)
Mfiondu Kabengele to third
Runner from 3rd tries for Home, SAFE, no throw by CF
Batting: RHB Dragoljub Kandic 0-0: Ball
Takeshi Kovacs is caught stealing 2nd base 2-4
Top of the 4th over - 1 run, 2 hits, 0 errors, 0 left on base; Niagara Falls 1 - Syracuse 2
BOTTOM OF THE 4TH
Syracuse Storm batting - Pitching for Niagara Falls Expos : RHP Luis Cuevas
Batting: RHB Rubén Plumey 0-0: Called Strike
0-1: Fly out, F4 (Popup, 4D, EV 60.6 MPH)
Batting: RHB Ace Felder 0-0: Ball
1-0: Fly out, F8 (Line Drive, 8RD, EV 96.2 MPH)
Batting: RHB Bob Hill 0-0: Swinging Strike
0-1: Ball
1-1: Ball
2-1: Foul Ball, location: 2F
2-2: Foul Ball, location: 2F
2-2: Strikes out looking
Bottom of the 4th over - 0 runs, 0 hits, 0 errors, 0 left on base; Niagara Falls 1 - Syracuse 2
TOP OF THE 5TH
Niagara Falls Expos batting - Pitching for Syracuse Storm : RHP Ramón Flores
Batting: RHB Dragoljub Kandic 0-0: Ball
1-0: Ball
2-0: Fly out, F8 (Flyball, 8RD, EV 107.5 MPH)
Batting: RHB Sincere Wushon David 0-0: Ball
1-0: Foul Ball, location: 2F
1-1: Ground out 6-3 (Groundball, 6, EV 106.2 MPH)
Batting: RHB Barney Wilson 0-0: Ball
1-0: Called Strike
1-1: Ball
2-1: Swinging Strike
2-2: Ball
3-2: Foul Ball, location: 2F
3-2: Strikes out swinging
Top of the 5th over - 0 runs, 0 hits, 0 errors, 0 left on base; Niagara Falls 1 - Syracuse 2
BOTTOM OF THE 5TH
Syracuse Storm batting - Pitching for Niagara Falls Expos : RHP Luis Cuevas
Batting: RHB Dan Lewis 0-0: Called Strike
0-1: Ground out 6-3 (Groundball, 56, EV 100.6 MPH)
Batting: RHB Egbert Mijnheer 0-0: Called Strike
0-1: Called Strike
0-2: Ground out 5-3 (Groundball, 56, EV 101.2 MPH)
Batting: LHB Nikolai Volkoff 0-0: Called Strike
0-1: Foul Ball, location: 2F
0-2: Ball
1-2: DOUBLE (Flyball, 8RXD, EV 108.8 MPH)
Batting: RHB Pat Kramer 0-0: Called Strike
0-1: Foul Ball, location: 2F
0-2: Foul Ball, location: 2F
0-2: Ball
1-2: Foul Ball, location: 2F
1-2: Foul Ball, location: 2F
1-2: Strikes out looking
Bottom of the 5th over - 0 runs, 1 hit, 0 errors, 1 left on base; Niagara Falls 1 - Syracuse 2
TOP OF THE 6TH
Niagara Falls Expos batting - Pitching for Syracuse Storm : RHP Ramón Flores
Batting: RHB Pablo Saavedra 0-0: Called Strike
0-1: Ball
1-1: SINGLE (Groundball, 34D, EV 105.0 MPH)
Batting: RHB Sixto Villacrés 0-0: Sac Bunt to 2L - play at first, batter OUT! 2-3
Pablo Saavedra to second
Batting: LHB John Castro 0-0: Foul Ball, location: 2F
0-1: Ball
1-1: Ground out 5-3 (Groundball, 5S, EV 63.8 MPH)
Pablo Saavedra to third
Batting: RHB Gary Bruce 0-0: Called Strike
0-1: Ball
1-1: Ground out 1-3 (Groundball, 13, EV 75.0 MPH)
Top of the 6th over - 0 runs, 1 hit, 0 errors, 1 left on base; Niagara Falls 1 - Syracuse 2
BOTTOM OF THE 6TH
Syracuse Storm batting - Pitching for Niagara Falls Expos : RHP Luis Cuevas
Batting: RHB John Billings 0-0: Ground out 1-3 (Groundball, P, EV 89.4 MPH)
Batting: RHB Stu Taylor 0-0: Foul Ball, location: 2F
0-1: Swinging Strike
0-2: Strikes out swinging
Batting: RHB Rubén Plumey 0-0: Called Strike
0-1: Foul Ball, location: 2F
0-2: Ball
1-2: Fly out, F8 (Flyball, 8RM, EV 83.1 MPH)
Bottom of the 6th over - 0 runs, 0 hits, 0 errors, 0 left on base; Niagara Falls 1 - Syracuse 2
TOP OF THE 7TH
Niagara Falls Expos batting - Pitching for Syracuse Storm : RHP Ramón Flores
Batting: LHB Mfiondu Kabengele 0-0: Foul Ball, location: 2F
0-1: SOLO HOME RUN (Flyball, 89XD, EV 95.6 MPH), Distance : 453 ft
Batting: SHB Takeshi Kovacs 0-0: Foul Ball, location: 2F
0-1: SINGLE (Groundball, 34D, EV 101.9 MPH)
Batting: RHB Dragoljub Kandic 0-0: Ball
1-0: SINGLE (Groundball, 6MD, EV 98.8 MPH)
Takeshi Kovacs to second
Throwing error, E8
Takeshi Kovacs scores
Dragoljub Kandic to second
Batting: RHB Sincere Wushon David 0-0: Intentional Walk
Pinch Runner at 2nd Jeffrey Braz:
Batting: RHB Barney Wilson 0-0: Sac Bunt to 13 - play at first, batter OUT! 1-4
Jeffrey Braz to third
Sincere Wushon David to second
Batting: RHB Pablo Saavedra 0-0: Ground out 4-3 (Groundball, 4, EV 81.2 MPH)
Batting: RHB Sixto Villacrés 0-0: Called Strike
0-1: Ball
1-1: Hit by Pitch
Batting: LHB John Castro 0-0: Called Strike
0-1: Ball
1-1: Ball
2-1: Called Strike
2-2: DOUBLE (Line Drive, 7LS, EV 105.6 MPH)
Jeffrey Braz scores
Sincere Wushon David scores
Sixto Villacrés to third
Runner from 3rd tries for Home, SAFE, throw by LF to home
Batting: RHB Gary Bruce 0-0: Ground out 1-3 (Groundball, 34S, EV 66.2 MPH)
Top of the 7th over - 5 runs, 4 hits, 1 error, 1 left on base; Niagara Falls 6 - Syracuse 2
BOTTOM OF THE 7TH
Syracuse Storm batting - Pitching for Niagara Falls Expos : RHP Luis Cuevas
Now at 1B: Ryan Ferguson
Batting: RHB Ace Felder 0-0: Ball
1-0: Ground out U3 (Groundball, 34, EV 87.5 MPH)
Batting: RHB Bob Hill 0-0: Ball
1-0: Called Strike
1-1: Ball
2-1: Ground out 5-3 (Groundball, 56S, EV 72.5 MPH)
Batting: RHB Dan Lewis 0-0: Ball
1-0: Ball
2-0: Ball
3-0: Called Strike
3-1: Fly out, F9 (Flyball, 9LS, EV 96.9 MPH)
Bottom of the 7th over - 0 runs, 0 hits, 0 errors, 0 left on base; Niagara Falls 6 - Syracuse 2
TOP OF THE 8TH
Niagara Falls Expos batting - Pitching for Syracuse Storm : RHP Ramón Flores
Batting: LHB Mfiondu Kabengele 0-0: Ground out 6-3 (Groundball, 6M, EV 83.8 MPH)
Batting: SHB Takeshi Kovacs 0-0: Fly out, F9 (Line Drive, 9, EV 86.2 MPH)
Batting: LHB Ryan Ferguson 0-0: Called Strike
0-1: Swinging Strike
0-2: Ball
1-2: Ground out U3 (Groundball, 3, EV 93.8 MPH)
Top of the 8th over - 0 runs, 0 hits, 0 errors, 0 left on base; Niagara Falls 6 - Syracuse 2
BOTTOM OF THE 8TH
Syracuse Storm batting - Pitching for Niagara Falls Expos : RHP Luis Cuevas
Batting: RHB Egbert Mijnheer 0-0: Ball
1-0: Called Strike
1-1: Fly out, F7 (Flyball, 7S, EV 93.1 MPH)
Batting: LHB Nikolai Volkoff 0-0: Ball
1-0: Called Strike
1-1: Ball
2-1: Foul Ball, location: 2F
2-2: Ground out 4-3 (Groundball, 4M, EV 106.2 MPH)
Batting: RHB Pat Kramer 0-0: Ball
1-0: Foul Ball, location: 2F
1-1: Called Strike
1-2: Ball
2-2: Ground out 5-3 (Groundball, 56S, EV 85.6 MPH)
Bottom of the 8th over - 0 runs, 0 hits, 0 errors, 0 left on base; Niagara Falls 6 - Syracuse 2
TOP OF THE 9TH
Niagara Falls Expos batting - Pitching for Syracuse Storm : RHP Ramón Flores
Pitching: LHP Ben Gillespie
Batting: RHB Sincere Wushon David 0-0: Called Strike
0-1: Ball
1-1: Called Strike
1-2: Ground out 4-3 (Groundball, 4, EV 98.1 MPH)
Batting: RHB Barney Wilson 0-0: Ball
1-0: Fly out, F9 (Flyball, 9, EV 95.0 MPH)
Batting: RHB Pablo Saavedra 0-0: SINGLE (Groundball, 34D, EV 105.6 MPH)
Batting: RHB Sixto Villacrés 0-0: Ball
Pablo Saavedra is caught stealing 2nd base 2-4
Top of the 9th over - 0 runs, 1 hit, 0 errors, 0 left on base; Niagara Falls 6 - Syracuse 2
BOTTOM OF THE 9TH
Syracuse Storm batting - Pitching for Niagara Falls Expos : RHP Luis Cuevas
Batting: RHB John Billings 0-0: Fly out, F8 (Flyball, 89M, EV 86.9 MPH)
Batting: RHB Stu Taylor 0-0: Called Strike
0-1: Ball
1-1: Foul Ball, location: 2F
1-2: Ball
2-2: Strikes out swinging
Pitching: RHP Mike Gibson
Batting: RHB Rubén Plumey 0-0: Ball
1-0: Swinging Strike
1-1: SINGLE (Flyball, 89S, EV 85.0 MPH)
Batting: RHB Ace Felder 0-0: Fly out, F2 (Popup, 2R, EV 95.0 MPH)
Bottom of the 9th over - 0 runs, 1 hit, 0 errors, 1 left on base; Niagara Falls 6 - Syracuse 2
Thursday, January 23rd, 2020 - OOTP Baseball 20.8 Build 74